 Dungeon Crawl Stone Soup version 0.27.1-33-g824d729ab1 (webtiles) character file.

Game seed: 5885869007729243578

1640 valthius the Agent of Entropy (level 8, -2/67 HPs)
             Began as a Demonspawn Abyssal Knight on Nov 29, 2021.
             Was a Priest of Lugonu.
             Slain by an orc warrior (17 damage)
             ... on level 6 of the Dungeon.
             The game lasted 00:19:28 (4186 turns).

valthius the Agent of Entropy (DsAK)                Turns: 4186, Time: 00:19:28

Health: -2/67      AC: 23    Str: 15    XL:     8   Next: 66%
Magic:  13/13      EV:  1    Int: 14    God:    Lugonu [***...]
Gold:   192        SH:  0    Dex: 12    Spells: 7/7 levels left

rFire    . . .     SeeInvis .   a - +1 falchion
rCold    + . .     Faith    .   (no shield)
rNeg     . . .     Spirit   .   k - +0 crystal plate armour
rPois    .         Reflect  .   e - +1 helmet
rElec    .         Harm     .   d - +0 cloak
rCorr    .         Rampage  .   f - +0 pair of gloves
Will     .....                  (no boots)
Stlth    ..........             g - amulet of regeneration
HPRegen  1.21/turn              i - ring of protection from cold
MPRegen  0.13/turn              (no ring)

@: no status effects
A: talons 2, rugged brown scales 2, demonic magic 1
a: Renounce Religion, Depart the Abyss, Bend Space, Banish


You were on level 6 of the Dungeon.
You worshipped Lugonu.
Lugonu was most pleased with you.
You visited 1 branch of the dungeon, and saw 6 of its levels.
You visited the Abyss 1 time.

You collected 192 gold pieces.

Inventory:

Hand Weapons
 a - a +1 falchion (weapon)
Armour
 d - a +0 cloak (worn)
 e - a +1 helmet (worn)
 f - a +0 pair of gloves (worn)
 k - a +0 crystal plate armour (worn)
Jewellery
 g - an amulet of regeneration (around neck)
 i - a ring of protection from cold (left hand)
Wands
 p - a wand of charming (8)
Scrolls
 c - a scroll of noise {unknown}
 j - 4 scrolls of identify {unknown}
 m - a scroll of amnesia {unknown}
 n - a scroll of blinking {unknown}
 o - a scroll of fear {unknown}
 q - a scroll of acquirement {unknown}
 r - 3 scrolls of silence {unknown}
Potions
 b - a potion of flight {unknown}
 h - a potion of curing
 l - a potion of ambrosia {unknown}


   Skills:
 + Level 5.8 Fighting
 + Level 4.8 Long Blades
 + Level 4.7 Armour
 + Level 4.4 Dodging
 + Level 6.8 Invocations


You had 7 spell levels left.
You didn't know any spells.
Your spell library contained the following spells:

 Spells                   Type           Power      Damage    Failure   Level
 Blink                    Tloc           N/A        N/A       100%        2
 Lesser Beckoning         Tloc           0%         N/A       100%        3
 Manifold Assault         Tloc           0%         N/A       100%        5


Dungeon Overview and Level Annotations

Branches:
Dungeon (6/15)             Temple (0/1) D:4

Altars:
Cheibriados
Fedhas

Shops:
D:3 [


Innate Abilities, Weirdness & Mutations

You have razor-sharp toenails.
You are mostly covered in rugged brown scales. (AC +2, +5% HP)
Spells you cast may paralyse adjacent enemies.


Message History

The howler monkey hits you but does no damage.
You hit the howler monkey but do no damage.
The howler monkey barely misses you.
You hit the howler monkey but do no damage.
The howler monkey hoots and howls with incredible vigour!
You hear an angry growl.
You hear a shout!
You hit the howler monkey. Your kick misses the howler monkey.
The howler monkey is lightly wounded.
The howler monkey hits you but does no damage. x2
Aiming: Charm
Press: ? - help, Shift-Dir - straight line, f - howler monkey
Aim: a howler monkey (lightly wounded, chance to affect: 54%)
The howler monkey is charmed.
Something stings your howler monkey.
Your howler monkey is poisoned.
Something poisons your howler monkey!
The wight closely misses your howler monkey.
You hear some strange, mumbled words.
Your howler monkey resists with significant effort.
A bullfrog zombie comes into view.
The scorpion barely misses your howler monkey.
The wight barely misses your howler monkey.
The scorpion barely misses your howler monkey.
The wight closely misses your howler monkey.
Something misses your howler monkey.
The orc warrior hits you but does no damage.
The wight hits your howler monkey with a +4 battleaxe!
The scorpion stings your howler monkey.
Your howler monkey dies!
The orc warrior hits you with a +2 glaive of distortion!
You hit the orc warrior.
You claw the orc warrior, but do no damage.
The orc warrior is lightly wounded.
The orc warrior hits you with a +2 glaive of distortion.
Space bends around you!
* * * LOW HITPOINT WARNING * * *
You hit the orc warrior but do no damage.
You claw the orc warrior, but do no damage.
The orc warrior is lightly wounded.
The orc warrior hits you with a +2 glaive of distortion!
You die...

####### ...[....#####
..(......#...#
..........#)..#
..........#...#
..........#...#
........ZJ#...#
.........so...#
..........#@..#
..........#####
######.......#
#.......# #....h..#
#.......#
#.......###########+##
##....................
#....................


You could see an orc warrior, a scorpion, a jelly and a bullfrog zombie.

Vanquished Creatures
  Grinder (D:4)
  Eustachio (D:4)
  A water moccasin (D:5)
  A black bear (D:5)
  A centaur (D:6)
  A phantom (D:6)
  2 bullfrogs (D:6)
  2 scorpions
  A wyvern skeleton (D:5)
  A killer bee (D:6)
  A bullfrog zombie (D:5)
  2 jellies (D:5)
  A centaur zombie (D:6)
  A centaur skeleton (D:3)
  An orc priest (D:5)
  Crazy Yiuf (D:4)
  Natasha (thrice) (D:2)
  7 orc wizards
  A scorpion zombie (D:5)
  3 gnolls (D:3)
  5 adders
  An adder skeleton (D:4)
  4 dart slugs
  11 orcs
  3 ball pythons
  7 endoplasms
  4 giant cockroaches
  7 goblins
  7 hobgoblins
  2 bats
  6 frilled lizards
  10 kobolds
  5 rats
105 creatures vanquished.

Vanquished Creatures (others)
  A howler monkey (D:6)
1 creature vanquished.

Grand Total: 106 creatures vanquished

Notes
Turn   | Place    | Note
-------+----------+-------------------------------------------
     0 | Abyss:1  | valthius the Demonspawn Abyssal Knight began the quest for
                  | the Orb.
     0 | Abyss:1  | Reached XP level 1. HP: 18/18 MP: 2/2
   146 | D:1      | Escaped the Abyss
   356 | D:1      | Reached skill level 1 in Dodging
   449 | D:1      | Gained mutation: You have sharp toenails. [demonic
                  | ancestry]
   449 | D:1      | Reached XP level 2. HP: 17/24 MP: 4/4
   632 | D:1      | Reached ** piety under Lugonu
   741 | D:1      | Found a faded altar of an unknown god.
   822 | D:1      | Gained mutation: You are partially covered in rugged brown
                  | scales. (AC +1, +3% HP) [demonic ancestry]
   822 | D:1      | Reached XP level 3. HP: 24/29 MP: 5/5
   887 | D:1      | Reached skill level 3 in Invocations
  1115 | D:2      | Found a blossoming altar of Fedhas.
  1188 | D:2      | Noticed Natasha
  1202 | D:2      | Killed Natasha
  1203 | D:2      | Gained mutation: You have razor-sharp toenails. [demonic
                  | ancestry]
  1203 | D:2      | Reached XP level 4. HP: 22/36 MP: 6/6
  1298 | D:2      | Noticed Natasha
  1304 | D:2      | Killed Natasha
  1500 | D:2      | Noticed Natasha
  1510 | D:2      | Killed Natasha
  2023 | D:3      | Reached XP level 5. HP: 32/43 MP: 7/7
  2152 | D:3      | Reached skill level 4 in Invocations
  2330 | D:3      | Found Duxo Ery's Armour Shoppe.
  2410 | D:3      | Gained mutation: You are mostly covered in rugged brown
                  | scales. (AC +2, +5% HP) [demonic ancestry]
  2410 | D:3      | Reached XP level 6. HP: 43/50 MP: 9/9
  2640 | D:4      | Reached *** piety under Lugonu
  2659 | D:4      | Noticed Eustachio
  2726 | D:4      | Killed Eustachio
  2727 | D:4      | Gained mutation: Spells you cast may paralyse adjacent
                  | enemies. [demonic ancestry]
  2727 | D:4      | Reached XP level 7. HP: 53/57 MP: 10/10
  2812 | D:4      | Found a staircase to the Ecumenical Temple.
  3012 | D:4      | Found a runed translucent door.
  3013 | D:4      | Noticed Crazy Yiuf
  3055 | D:4      | Noticed Grinder
  3069 | D:4      | Killed Grinder
  3070 | D:4      | Reached skill level 5 in Invocations
  3388 | D:4      | Killed Crazy Yiuf
  3445 | D:5      | Entered Level 5 of the Dungeon
  3477 | D:5      | Found a snail-covered altar of Cheibriados.
  3572 | D:5      | Reached skill level 5 in Fighting
  3687 | D:5      | Reached XP level 8. HP: 65/65 MP: 12/12
  3713 | D:5      | Reached skill level 6 in Invocations
  4061 | D:6      | Noticed a troll
  4186 | D:6      | Slain by an orc warrior

Illustrated notes

Levels and vault maps discovered:
D:1:      roderic_crossed_star, layout_rooms, serial_glass, glass_columns_a,
          glass_columns_a, shapermc_ecumenical_altar_acropolis
D:2:      layout_loops_ring, basic_altar, minmay_pentomino_v4, uniq_natasha
D:3:      layout_basic, serial_shops,
          nicolae_shop_temple_entry_statues_fountains
D:4:      layout_basic, minmay_temple_entry_offerings, uniq_crazy_yiuf_cottage,
          uniq_eustachio, uniq_grinder
D:5:      layout_basic, kennysheep_slug_shrine, amcnicky_mini_corridor_feature
D:6:      minmay_clustersquares, layout_gridville, zin_statuary, uniq_duvessa,
          uniq_prince_ribbit1, uniq_blork_the_orc

Skill      XL: |  1  2  3  4  5  6  7  8 |
---------------+-------------------------+-----
Dodging        | 1 2 3 4 |  4.4
Armour         | 2 3 4 |  4.7
Long Blades    | 2 3 4 |  4.8
Invocations    | 3 4 5 6 |  6.8
Fighting       | 4 5 |  5.8

Action                   |  1- 3 |  4- 6 |  7- 9 || total
-------------------------+-------+-------+-------++-------
Melee: Falchion          |    79 |   223 |   229 ||   531
       Kick              |    12 |    48 |    74 ||   134
Invok: Bend Space        |       |       |     1 ||     1
Evoke: Wand              |       |       |     1 ||     1
  Use: Potion            |       |       |     2 ||     2
Armor: Scale mail        |    47 |    17 |       ||    64
       Crystal plate arm |       |   245 |   370 ||   615
Dodge: Dodged            |    43 |    20 |    28 ||    91
       Rpst.: Falchion   |    14 |     3 |    10 ||    27
